 Dungeon Crawl Stone Soup version 0.17-a0-854-g4a4ba72 (webtiles) character file.

76736 FedoraBrony69 the Bludgeoner (level 15, -8/147 HPs)
             Began as a Minotaur Berserker on Apr 28, 2015.
             Was a Believer of Jiyva.
             Mangled by a deep troll (12 damage)
             ... created by the rage of Trog
             ... on level 14 of the Dungeon.
             The game lasted 01:00:27 (20526 turns).

FedoraBrony69 the Bludgeoner (Minotaur Berserker)  Turns: 20526, Time: 01:00:28

Health: -8/147     AC: 21    Str: 33    XL:     15   Next: 13%
Magic:  0/14       EV: 14    Int:  5    God:    Jiyva [**....]
Gold:   1457       SH:  0    Dex: 16    Spells: 0 memorised, 14 levels left

rFire  + . .     SeeInvis .     L - +9 demon whip (elec)
rCold  . . .     Clarity  +     U - +2 chain mail {MR+}
rNeg   . . .     SustAb   .     (no shield)
rPois  .         Gourm    .     (helmet restricted)
rElec  .         Spirit   +     i - +0 cloak
rCorr  .         Warding  .     E - +2 pair of gloves
rMut   .         Stasis   .     n - +0 pair of boots
MR     ++...                    Y - amulet "Liaxicsy" {Spirit +Inv Str+2 Dex+2 Stlth+}
Stlth  ..........               w - +2 ring of dexterity
                                V - +3 ring of evasion

@: very resistant to hostile enchantments, extremely unstealthy
A: retaliatory headbutt, beak, hooves 1, horns 2, molten scales 1, thin skeletal
structure 1, clarity, deformed body, fire resistance 1, shaggy fur 1, strong 2
a: Request Jelly, Jelly Paralyse, Renounce Religion, Evoke Invisibility


You were on level 14 of the Dungeon.
You worshipped Jiyva.
Jiyva was pleased with you.
You were not hungry.

You visited 3 branches of the dungeon, and saw 23 of its levels.
You also visited: Labyrinth.

You collected 1457 gold pieces.

Inventory:

Hand weapons
 L - a +9 demon whip of electrocution (weapon)
Armour
 i - a +0 cloak (worn)
 n - a +0 pair of boots (worn)
 x - the cursed +0 robe "Dobitric" {rElec MR+, unknown}
   (You found it on level 13 of the Dungeon)

   It insulates you from electricity.
   It affects your resistance to hostile enchantments.
   It has a curse placed upon it.
 y - a +0 plate armour of magic resistance
 E - a +2 pair of gloves (worn)
 U - a +2 chain mail of magic resistance (worn)
Jewellery
 a - an uncursed ring of poison resistance
 w - a +2 ring of dexterity (right hand)
 D - an uncursed ring of wizardry {unknown}
 V - a +3 ring of evasion (left hand)
 Y - the amulet "Liaxicsy" (around neck) {Spirit +Inv Str+2 Dex+2 Stlth+}
   (You found it in a labyrinth)

   [amulet of guardian spirit]

   It causes incoming damage to be split between your health and magic.
   It affects your strength (+2).
   It affects your dexterity (+2).
   It lets you turn invisible.
   It makes you more stealthy.
Magical devices
 e - a wand of draining (6)
 f - a wand of polymorph (3)
 g - a wand of slowing (25)
 m - a wand of paralysis (7)
 s - a wand of digging (20)
 A - a wand of paralysis (19)
 F - a wand of digging (14)
Scrolls
 b - 2 scrolls of teleportation
 d - a scroll of remove curse
 l - a scroll of enchant weapon
 p - a scroll of blinking
 q - 3 scrolls of identify
 r - 2 scrolls of magic mapping
 v - a scroll of acquirement {unknown}
 B - a scroll of fog {unknown}
Potions
 h - 2 potions of might
 k - 2 potions of curing
 u - 3 potions of invisibility
 C - a potion of magic
 G - a potion of cure mutation
 I - 3 potions of restore abilities
 K - a potion of resistance
 Q - 2 potions of heal wounds
Comestibles
 c - 20 bread rations
 j - 26 fruits
 o - 4 slices of pizza
 t - 10 meat rations
 z - 9 royal jellies
 H - 2 chunks of flesh
 M - 3 beef jerkies


   Skills:
 - Level 17.1 Fighting
 - Level 17.1 Maces & Flails
 + Level 16.3 Armour
 - Level 11.0 Dodging


You had 14 spell levels left.
You didn't know any spells.

Dungeon Overview and Level Annotations

Branches:
Dungeon (14/15)            Temple (1/1) D:4            Lair (8/8) D:11
 Shoals (0/4) Lair:5       Spider (0/4) Lair:4        Slime (0/6) Lair:7
    Orc (0/4) D:12
 Vaults: D:13-14

Altars:
Ashenzari
Cheibriados
Dithmenos
Elyvilon
Fedhas
Kikubaaqudgha
Makhleb
Nemelex Xobeh
Okawaru
Qazlal
Ru
Sif Muna
Trog
Vehumet
Xom
Yredelemnul
Zin
The Shining One
Jiyva


Innate Abilities, Weirdness & Mutations

You reflexively headbutt those who attack you in melee.
You have a pair of horns on your head.
You have a beak for a mouth.
You have large cloven feet.
You are partially covered in molten scales (AC +1).
You have a somewhat thin skeletal structure (Dex +2, Stealth).
You possess an exceptional clarity of mind.
Armour fits poorly on your strangely shaped body.
Your flesh is heat resistant.
You are covered in fur (AC +1).
Your muscles are very strong. (Str +4)


Message History

The deep troll misses you. You furiously retaliate!
You headbutt the deep troll! The deep troll closely misses you.
The deep troll claws you!
* * * LOW HITPOINT WARNING * * *
Jiyva says: Divide and consume!
The deep troll rages.
There is an escape hatch in the ceiling here.
The black bear bites you but does no damage.
The black bear misses you.
The black bear claws you but does no damage.
The deep troll bites you!
* * * LOW HITPOINT WARNING * * *
The deep troll claws you but does no damage. x2
The black bear bites you but does no damage.
The black bear barely misses you.
The black bear claws you but does no damage.
The deep troll bites you!
* * * LOW HITPOINT WARNING * * *
The deep troll claws you!
You die...

#########################
..........................
..############............ #.#
#...######### #.#
#...#############..
#.############...T..............#
................@hT..............
##..###########..##########......
#..# #..# #..### #..# #..# #..#
#..# #..##########..#
##..###########.J.......)....####
.......................))........
.............).........)#########
..#####################.#


You could see a deep troll (berserk), a troll (berserk), a black bear (berserk)
and a neutral jelly (fellow slime).

Vanquished Creatures
  The ghost of miek the Brawler, a mighty NaTm of Lugonu (D:12)
  Maud (D:13)
  A slime creature (D:12)
  A minotaur (Lab)
  A merfolk impaler (Lair:5)
  6 hydras
  Fannar (D:11)
  A centaur warrior (D:13)
  6 death yaks (Lair:6)
  Nergalle (Lair:3)
  2 deep trolls
  5 hill giants
  An unseen horror (D:14)
  4 lindwurms (Lair:7)
  An oklob plant (Lair:1)
  6 ugly things (D:14)
  A griffon (Lair:8)
  3 cyclopes
  9 black mambas
  2 manticores
  14 elephants
  Maurice (D:12)
  Joseph (D:7)
  2 centaur skeletons
  A gargoyle (D:13)
  2 torpor snails
  20 spiny frogs
  2 fire drakes
  6 komodo dragons
  A minotaur zombie (Lab)
  27 blink frogs
  2 polar bears
  A troll (D:9)
  A queen bee (Lair:7)
  4 wandering mushrooms (Lab)
  A wraith (D:14)
  Sigmund (D:4)
  41 yaks
  2 wyverns
  10 hippogriffs
  4 basilisks
  Eustachio (D:6)
  A spriggan (D:8)
  4 hungry ghosts
  12 vampire mosquitoes
  4 mottled dragons
  12 wolves
  8 water moccasins
  5 swamp worms (Lair:1)
  7 porcupines
  8 spiders (Lair:4)
  3 phantoms
  6 ogres
  4 orc warriors
  A wasp (D:9)
  2 sky beasts
  3 black bears
  9 crocodiles
  34 giant frogs
  5 big kobolds
  2 brain worms
  25 centaurs
  Blork the orc (D:4)
  A scorpion (D:7)
  48 killer bees
  An electric eel (Lair:8)
  8 hounds
  6 giant frog skeletons
  A giant frog zombie (D:12)
  5 crimson imps
  2 centaur zombies
  7 jellies
  3 orc priests
  3 hell rats (Lair:5)
  10 iguanas
  13 orc wizards
  14 worker ants
  A killer bee zombie (D:7)
  27 sheep
  3 hound skeletons
  A worker ant zombie (D:8)
  Robin (D:4)
  47 river rats
  8 gnolls
  10 adders
  5 shadow imps
  3 adder skeletons
  16 worms
  4 giant geckos
  32 orcs
  A ball python (D:2)
  6 bats
  A bat skeleton (D:5)
  4 giant cockroaches
  21 goblins
  9 hobgoblins
  4 jackals (D:8)
  37 kobolds
  3 quokkas
  A ball python zombie (D:5)
  A giant cockroach zombie (D:5)
  5 giant newts
  21 rats
  3 ballistomycetes (D:9)
  A bush (Lair:4)
  A butterfly (Lair:4)
  2 plants
756 creatures vanquished.

Vanquished Creatures (collateral kills)
  3 oklob plants
  3 spectral orcs (Lair:3)
  A bush (Lair:4)
7 creatures vanquished.

Vanquished Creatures (others)
  3 jellies (D:14)
  An orc wizard (D:9)
  A river rat (Lair:3)
  A giant cockroach (D:6)
  A giant spore (D:9)
  4 fungi
  3 plants
14 creatures vanquished.

Grand Total: 777 creatures vanquished

Notes
Turn   | Place    | Note
--------------------------------------------------------------
     0 | D:1      | FedoraBrony69, the Minotaur Berserker, began the quest for the Orb.
     0 | D:1      | Reached XP level 1. HP: 19/19 MP: 0/0
   289 | D:1      | Reached skill level 4 in Maces & Flails
   325 | D:1      | Reached XP level 2. HP: 27/27 MP: 1/1
   563 | D:2      | Found a sparkling altar of Nemelex Xobeh.
   563 | D:2      | Found a shadowy altar of Dithmenos.
   564 | D:2      | Found a snail-covered altar of Cheibriados.
   644 | D:2      | Reached XP level 3. HP: 24/34 MP: 2/2
   815 | D:2      | Found an iron altar of Okawaru.
   991 | D:3      | Acquired Trog's second power
   999 | D:3      | Reached XP level 4. HP: 41/41 MP: 3/3
  1000 | D:3      | Reached skill level 5 in Maces & Flails
  1172 | D:3      | Reached skill level 5 in Fighting
  1405 | D:4      | Found a staircase to the Ecumenical Temple.
  1421 | Temple   | Entered the Ecumenical Temple
  1501 | D:4      | Noticed Robin
  1505 | D:4      | Reached XP level 5. HP: 48/48 MP: 4/4
  1509 | D:4      | Killed Robin
  1664 | D:4      | Noticed Blork the orc
  1675 | D:4      | Killed Blork the orc
  1675 | D:4      | Reached skill level 6 in Fighting
  1709 | D:4      | Found a glowing silver altar of Zin.
  1709 | D:4      | Noticed an angel
  1712 | D:4      | Found a shimmering altar of Xom.
  1775 | D:4      | Noticed Sigmund
  1779 | D:4      | Reached XP level 6. HP: 55/57 MP: 5/5
  1786 | D:4      | Killed Sigmund
  1786 | D:4      | Reached skill level 7 in Maces & Flails
  2190 | D:4      | Reached XP level 7. HP: 49/66 MP: 6/6
  2344 | D:5      | Entered Level 5 of the Dungeon
  2596 | D:5      | Reached skill level 8 in Maces & Flails
  2748 | D:5      | Gained mutation: Armour fits poorly on your strangely shaped body. [mutagenic meat]
  2749 | D:5      | Gained mutation: You are agile. (Dex +2) [mutagenic meat]
  2750 | D:5      | Gained mutation: Your magical capacity is low (-10% MP). [mutagenic meat]
  2761 | D:5      | Found a basalt altar of Yredelemnul.
  2834 | D:5      | Found a blossoming altar of Fedhas.
  2837 | D:5      | Found an ancient bone altar of Kikubaaqudgha.
  2957 | D:5      | Found a glowing golden altar of the Shining One.
  3013 | D:5      | Reached XP level 8. HP: 32/75 MP: 6/6
  3582 | D:6      | Found a radiant altar of Vehumet.
  3776 | D:6      | Reached skill level 9 in Fighting
  4110 | D:6      | Noticed Eustachio
  4118 | D:6      | Killed Eustachio
  4169 | D:6      | Reached skill level 10 in Fighting
  4169 | D:6      | Reached skill level 10 in Maces & Flails
  4738 | D:7      | Noticed Joseph
  4746 | D:7      | Acquired Trog's third power
  4753 | D:7      | Killed Joseph
  4753 | D:7      | Reached XP level 9. HP: 84/86 MP: 7/7
  4756 | D:7      | Reached skill level 11 in Maces & Flails
  5495 | D:8      | Reached skill level 12 in Maces & Flails
  5919 | D:8      | Reached XP level 10. HP: 97/99 MP: 8/8
  6419 | D:9      | Paralysed by a wasp for 2 turns
  6444 | D:9      | Gained mutation: Your flesh is heat resistant. [mutagenic meat]
  6445 | D:9      | Lost mutation: You are agile. (Dex +2) [mutagenic meat]
  6446 | D:9      | Gained mutation: You are robust (+10% HP). [mutagenic meat]
  6447 | D:9      | Gained mutation: You possess an exceptional clarity of mind. [mutagenic meat]
  6448 | D:9      | Gained mutation: You expend magic power (3 MP) to strengthen your wands. [mutagenic meat]
  6449 | D:9      | Gained mutation: You have a beak for a mouth. [mutagenic meat]
  6585 | D:9      | Reached skill level 13 in Fighting
  6633 | D:10     | Entered Level 10 of the Dungeon
  6633 | D:10     | Noticed a hill giant
  6647 | D:10     | Killed a hill giant
  6903 | D:10     | Received a gift from Trog
  6987 | D:10     | Noticed Maud
  7139 | D:10     | Noticed a hill giant
  7147 | D:10     | Killed a hill giant
  7323 | D:10     | Noticed a hill giant
  7403 | D:10     | Killed a hill giant
  7403 | D:10     | Reached skill level 14 in Fighting
  8048 | D:11     | Reached XP level 11. HP: 101/121 MP: 8/8
  8243 | D:11     | Noticed a cyclops
  8254 | D:11     | Killed a cyclops
  8436 | D:11     | Noticed a hill giant
  8443 | D:11     | HP: 5/121 [hill giant/giant spiked club (36)]
  8445 | D:11     | Killed a hill giant
  8758 | D:11     | Noticed Fannar
  8785 | D:11     | Killed Fannar
  8894 | D:11     | Reached skill level 15 in Fighting
  8894 | D:11     | Reached skill level 15 in Maces & Flails
  9163 | D:11     | Noticed a cyclops
  9174 | D:11     | Killed a cyclops
  9219 | D:11     | Found a staircase to the Lair.
  9502 | Lair:1   | Entered Level 1 of the Lair of Beasts
 10432 | Lair:1   | Received a gift from Trog
 10576 | Lair:1   | Got a steaming tin ring
 10619 | Lair:1   | Identified the ring "Umafiesi" {+/*Tele rN++ Str+7} (You found it on level 1 of the Lair of Beasts)
 10822 | Lair:2   | Reached XP level 12. HP: 79/134 MP: 3/9
 10824 | Lair:2   | Reached skill level 16 in Maces & Flails
 11395 | Lair:3   | Noticed a five-headed hydra
 11399 | Lair:3   | Killed a five-headed hydra
 11626 | Lair:3   | Noticed Nergalle
 11852 | Lair:3   | Killed Nergalle
 12015 | Lair:3   | Noticed a six-headed hydra
 12022 | Lair:3   | Killed a six-headed hydra
 12022 | Lair:3   | Reached skill level 17 in Fighting
 12355 | Lair:4   | Noticed a seven-headed hydra
 12365 | Lair:4   | Killed a seven-headed hydra
 12403 | Lair:4   | Found a hole to the Spider Nest.
 12672 | Lair:4   | Found a labyrinth entrance.
 12714 | Lab      | Entered a labyrinth
 12869 | Lab      | Noticed a minotaur
 12875 | Lab      | Killed a minotaur
 12875 | Lab      | Reached skill level 5 in Armour
 12879 | Lab      | Got a scorched amethyst amulet
 12883 | Lab      | Identified the amulet "Liaxicsy" {Spirit +Inv Str+2 Dex+2 Stlth+} (You found it in a labyrinth)
 12902 | Lab      | Got a fine morningstar
 12903 | Lab      | Identified the +5 morningstar of Tozeog {flame, Int+3} (You found it in a labyrinth)
 12953 | Lair:4   | Reached skill level 5 in Dodging
 12967 | Lair:4   | Reached XP level 13. HP: 82/145 MP: 4/10
 13080 | Lair:4   | Found a blossoming altar of Fedhas.
 14383 | Lair:5   | Found a staircase to the Shoals.
 14455 | Lair:5   | Gained mutation: You are clumsy. (Dex -2) [potion of mutation]
 14456 | Lair:5   | Lost mutation: You are robust (+10% HP). [potion of cure mutation]
 14456 | Lair:5   | Lost mutation: Armour fits poorly on your strangely shaped body. [potion of cure mutation]
 14456 | Lair:5   | Lost mutation: You expend magic power (3 MP) to strengthen your wands. [potion of cure mutation]
 14456 | Lair:5   | Lost mutation: Your magical capacity is low (-10% MP). [potion of cure mutation]
 14456 | Lair:5   | Lost mutation: You are clumsy. (Dex -2) [potion of cure mutation]
 14456 | Lair:5   | Lost mutation: You possess an exceptional clarity of mind. [potion of cure mutation]
 14457 | Lair:5   | Gained mutation: You have a somewhat thin skeletal structure (Dex +2, Stealth). [potion of beneficial mutation]
 14582 | Lair:6   | Received a gift from Trog
 14872 | Lair:6   | Reached skill level 10 in Armour
 15327 | Lair:6   | Received a gift from Trog
 15686 | Lair:7   | Reached skill level 10 in Dodging
 15937 | Lair:7   | Reached XP level 14. HP: 140/140 MP: 13/13
 16386 | Lair:7   | Found a staircase to the Slime Pits.
 16387 | Lair:7   | Found a viscous altar of Jiyva.
 16660 | Lair:8   | Entered Level 8 of the Lair of Beasts
 16706 | Lair:8   | Received a gift from Trog
 17449 | Lair:3   | Noticed a seven-headed hydra
 17453 | Lair:3   | Killed a seven-headed hydra
 17667 | D:12     | Found a sparkling altar of Nemelex Xobeh.
 17729 | D:12     | Noticed miek's ghost (mighty NaTm)
 17756 | D:12     | Killed miek's ghost
 17814 | D:12     | Noticed Maurice
 17828 | D:12     | Killed Maurice
 17831 | D:12     | Received a gift from Trog
 18535 | D:12     | Found a staircase to the Orcish Mines.
 18697 | D:13     | Reached skill level 15 in Armour
 18760 | D:13     | Killed Maud
 18961 | D:13     | Got a faintly glowing robe
 19399 | D:14     | Gained mutation: Scrolls take you a little longer to read. [mutagenic meat]
 19400 | D:14     | Gained mutation: You are partially covered in molten scales (AC +1). [mutagenic meat]
 19402 | D:14     | Gained mutation: Your muscles are strong. (Str +2) [mutagenic meat]
 19404 | D:14     | Gained mutation: Your muscles are very strong. (Str +4) [mutagenic meat]
 19405 | D:14     | Gained mutation: Armour fits poorly on your strangely shaped body. [mutagenic meat]
 19406 | D:14     | Gained mutation: You are covered in fur (AC +1). [mutagenic meat]
 19407 | D:14     | Lost mutation: Scrolls take you a little longer to read. [mutagenic meat]
 19705 | Lair:7   | Fell from the grace of Trog
 19705 | Lair:7   | Became a worshipper of Jiyva Jomircho the Shapeless
 19747 | Lair:7   | Reached XP level 15. HP: 145/147 MP: 12/14
 20291 | D:14     | Gained mutation: Your body is slowly deteriorating. [mutagenic meat]
 20292 | D:14     | Lost mutation: Your body is slowly deteriorating. [mutagenic meat]
 20293 | D:14     | Gained mutation: You have large cloven feet. [mutagenic meat]
 20296 | D:14     | Gained mutation: You possess an exceptional clarity of mind. [mutagenic meat]
 20379 | D:14     | Acquired Jiyva's first power
 20458 | D:14     | Acquired Jiyva's second power
 20526 | D:14     | HP: 4/147 [deep troll[the rage of Trog] (14)]
 20526 | D:14     | Mangled by a deep troll

Action                   |  1- 3 |  4- 6 |  7- 9 | 10-12 | 13-15 || total
-------------------------+-------+-------+-------+-------+-------++-------
Melee: Mace              |    62 |    86 |   151 |       |       ||   299
       Unarmed           |       |     5 |       |       |       ||     5
       Flail             |       |       |   179 |   490 |       ||   669
       Morningstar       |       |       |       |   222 |   272 ||   494
       Demon whip        |       |       |       |       |   602 ||   602
Invok: Berserk           |     1 |     1 |     6 |     8 |     3 ||    19
       Trog's Hand       |       |     1 |     1 |    12 |     4 ||    18
       Brothers in Arms  |       |       |       |     2 |     1 ||     3
  Use: Scroll            |       |       |     8 |     4 |    17 ||    29
       Potion            |       |       |     5 |     3 |     6 ||    14
  Eat: Chunk             |       |     6 |    23 |    45 |    44 ||   118
       Pizza             |       |       |       |     2 |       ||     2
       Beef jerky        |       |       |       |     1 |       ||     1
